 Dungeon Crawl Stone Soup version 0.30-a0-652-gcc886f7154 (webtiles) character file.

Game seed: 3253642847262945406

397 Dittersdorf the Shield-Bearer (level 6, 0/40 HPs)
             Began as a Gargoyle Fighter on Jan 17, 2023.
             Slain by Dowan
             ... wielding a +0 dagger
              (4 damage)
             ... on level 3 of the Dungeon.
             The game lasted 00:06:39 (2797 turns).

Dittersdorf the Shield-Bearer (Gargoyle Fighter)    Turns: 2797, Time: 00:06:39

Health: 0/40       AC: 18    Str: 21    XL:     6   Next: 83%
Magic:  6/6        EV:  7    Int:  9    God:
Gold:   96         SH:  4    Dex:  9    Spells: 5/5 levels left

rFire   . . .      SeeInvis .    a - +0 flail
rCold   + . .      Faith    .    c - +0 buckler
rNeg    + . .      Spirit   .    q - +2 chain mail of the Morning Star {rElec rPois}
rPois   ∞          Reflect  .    (no helmet)
rElec   +          Harm     .    (no cloak)
rCorr   .          Rampage  .    i - +0 pair of gloves
Will    .....                    h - +0 pair of boots Stlth
                                 m - amulet of the acrobat
HPRegen 0.26/turn                e - ring of protection from cold
MPRegen 0.10/turn                (no ring)

@: mighty
A: sickness immunity, AC +4, negative energy resistance 1, electricity
resistance, torment resistance 1, petrification resistance
a: no special abilities


You were on level 3 of the Dungeon.
You visited 1 branch of the dungeon, and saw 4 of its levels.
You also visited: Sewer.

You collected 96 gold pieces.

Inventory:

Hand Weapons
 a - a +0 flail (weapon)
Missiles
 n - 11 poisoned darts (quivered)
Armour
 c - a +0 buckler (worn)
 h - a +0 pair of boots (worn)
 i - a +0 pair of gloves (worn)
 q - the +2 chain mail of the Morning Star (worn) {rElec rPois}
   (You found it on level 3 of the Dungeon)

   rElec:     It insulates you from electricity.
   rPois:     It protects you from poison.
Jewellery
 e - a ring of protection from cold (left hand)
 m - an amulet of the acrobat (around neck)
Scrolls
 g - a scroll of teleportation
 l - a scroll of summoning {unknown}
 s - a scroll of fear {unknown}
 v - a scroll of enchant armour {unknown}
Potions
 b - 2 potions of heal wounds
 d - 2 potions of might
 f - 3 potions of mutation
 j - 2 potions of haste
 k - a potion of flight
 o - a potion of invisibility {unknown}
 r - a potion of cancellation
 t - a potion of resistance
 u - a potion of magic {unknown}


   Skills:
 + Level 4.9 Fighting
 + Level 3.8 Maces & Flails
 + Level 4.9 Armour
 + Level 5.0 Shields


You had 5 spell levels left.
You didn't know any spells.
Your spell library contained the following spells:

 Spells                   Type           Power      Damage    Failure   Level
 Slow                     Hex            0%         N/A       99%         1
 Blink                    Tloc           0%         N/A       100%        2
 Static Discharge         Conj/Air       0%         2-2/arc   100%        2
 Confusing Touch          Hex            0%         N/A       100%        3
 Vampiric Draining        Necr           0%         2d6       100%        3
 Vhi's Electric Charge    Tloc/Air       0%         N/A       100%        3
 Manifold Assault         Tloc           0%         N/A       100%        4
 Arcjolt                  Conj/Air       0%         1d10      100%        5
 Lightning Bolt           Conj/Air       0%         1d11      100%        5
 Storm Form               Tmut/Air       0%         N/A       100%        7


Dungeon Overview and Level Annotations

Branches:
Dungeon (4/15)              Sewer (visited)
 Temple: D:4-7

Altars:

Shops:
D:3 [   D:4 (

Annotations:
D:3 Dowan, Duvessa
D:4 Eustachio, Sigmund


Innate Abilities, Weirdness & Mutations

You are immune to sickness and miasma.
Your stone body is resilient. (AC +4)
You are immune to poison.
You resist negative energy. (rN+)
You are resistant to electric shocks. (rElec)
You are resistant to unholy torment.
You are immune to petrification.


Message History

Aim: Duvessa, wielding a +0 short sword, wearing a +1 leather armour of positive energy and quivering silver boomerangs (60% to hit)
You throw a poisoned dart.
The poisoned dart barely misses Duvessa.
Dowan hits you with a +0 dagger. Duvessa hits you but does no damage.
Throw: 14 darts (poison)
Press: ? - help, Q - select action Shift-Dir - straight line, f/p - Duvessa
Aim: Duvessa, wielding a +0 short sword, wearing a +1 leather armour of positive energy and quivering silver boomerangs (60% to hit)
You throw a poisoned dart. The poisoned dart hits Duvessa.
Duvessa is poisoned.
Dowan hits you with a +0 dagger. Duvessa hits you with a +0 short sword!
Throw: 13 darts (poison)
Press: ? - help, Q - select action Shift-Dir - straight line, f/p - Duvessa
Aim: Duvessa, wielding a +0 short sword, wearing a +1 leather armour of positive energy and quivering silver boomerangs (lightly wounded, poisoned, 60% to hit)
You throw a poisoned dart.
The poisoned dart barely misses Duvessa.
Dowan hits you but does no damage. Duvessa closely misses you.
Throw: 12 darts (poison)
Press: ? - help, Q - select action Shift-Dir - straight line, f/p - Duvessa
Aim: Duvessa, wielding a +0 short sword, wearing a +1 leather armour of positive energy and quivering silver boomerangs (lightly wounded, poisoned, 60% to hit)
You throw a poisoned dart. The poisoned dart hits Duvessa.
Duvessa is lightly wounded.
Dowan hits you with a +0 dagger. Duvessa hits you with a +0 short sword.
* * * LOW HITPOINT WARNING * * *
You feel very mighty all of a sudden. Dowan barely misses you.
You block Duvessa's attack.
You barely miss Duvessa.
Duvessa is lightly wounded.
Dowan points at you and mumbles some strange words.
The puff of frost hits you but does no damage.
Duvessa hits you with a +0 short sword!
* * * LOW HITPOINT WARNING * * *
Dowan hits you with a +0 dagger.
* * * LOW HITPOINT WARNING * * *
Duvessa hits you but does no damage.
You sock Duvessa!
Duvessa is heavily wounded.
Dowan barely misses you. Duvessa hits you but does no damage.
You barely miss Duvessa.
Duvessa is heavily wounded.
Dowan hits you with a +0 dagger.
You die...

#########################
#..........(............#
#.#########.###########.# #.#
####..∩.....## #.# #.#
#....#.#.....# #.### ### #.#
#.####.####..#####...##
..####.####.# #e# #.........##~
.........##.# #@# ##.#####..##.
..#.####.##.# #e# #.# #..##~
.##.# #.##.# #.# #.# ##...#~
.##.# #.##.# #.# #.# #....#~
.##.## #.##.# #.# #.# ##.####~
.#...###.##.####.#####.###.#.###~
.#.....................##.###.##÷
##...#...........####....## ##.#~
.......#.######### #####.###.##.


You could see Duvessa (poisoned) and Dowan.

Vanquished Creatures
  3 kobold brigands (Sewer)
  A howler monkey (D:3)
  Terence (D:3)
  An orc wizard (D:3)
  3 adders
  A gnoll (D:1)
  A dart slug (D:2)
  2 orcs (D:3)
  7 ball pythons
  2 endoplasms (D:2)
  7 goblins
  6 hobgoblins
  4 jackals (D:3)
  11 kobolds
  5 bats
  5 frilled lizards
  6 rats
66 creatures vanquished.

Vanquished Creatures (others)
  2 fungi (D:1)
  6 plants
  A withered plant (D:1)
9 creatures vanquished.

Grand Total: 75 creatures vanquished

Notes
Turn   | Place    | Note
-------+----------+-------------------------------------------
     0 | D:1      | Dittersdorf the Gargoyle Fighter began the quest for the
                  | Orb.
     0 | D:1      | Reached XP level 1. HP: 14/14 MP: 1/1
   228 | D:1      | Reached XP level 2. HP: 19/19 MP: 2/2
   321 | D:1      | Found a faded altar of an unknown god.
   489 | D:1      | Reached XP level 3. HP: 21/23 MP: 3/3
  1197 | D:2      | Reached XP level 4. HP: 28/29 MP: 4/4
  1432 | D:3      | Noticed Terence
  1444 | D:3      | Killed Terence
  1445 | D:3      | Reached skill level 4 in Shields
  1488 | D:3      | Found Rinoiw's Armour Shoppe.
  1519 | D:3      | Identified the +2 chain mail of the Morning Star {rElec
                  | rPois}
  1570 | D:3      | Reached XP level 5. HP: 33/33 MP: 5/5
  1894 | D:3      | Found a glowing drain.
  1916 | Sewer    | Entered a sewer
  1997 | Sewer    | Noticed a kobold brigand
  2014 | Sewer    | Killed a kobold brigand
  2183 | Sewer    | Noticed a kobold brigand
  2198 | Sewer    | Killed a kobold brigand
  2199 | Sewer    | Reached XP level 6. HP: 22/39 MP: 6/6
  2701 | D:3      | Reached skill level 5 in Shields
  2730 | D:4      | Found Jomagg's Weapon Shoppe.
  2752 | D:4      | Noticed Sigmund
  2759 | D:4      | Noticed Duvessa
  2761 | D:4      | Noticed Dowan
  2786 | D:4      | Noticed Eustachio
  2797 | D:3      | Slain by Dowan

Illustrated notes

Levels and vault maps discovered:
D:1:      wander_arrival_chamber, layout_loops_ring,
          shapermc_ecumenical_altar_gd
D:2:      layout_basic
D:3:      layout_loops_ring, portal_sewer_entry_d, serial_shops,
          nicolae_shop_crystal, minmay_misc_feat_rows, uniq_terence
D:4:      layout_cave_pools, chequers_temple_overflow_minitemple, serial_shops,
          nicolae_diamond_shop, shop_statue, nicolae_inconvenience_store,
          kennysheep_generic_room_9, uniq_duvessa, uniq_eustachio,
          uniq_crazy_yiuf_cottage, uniq_sigmund

Skill      XL: |  1  2  3  4  5  6 |
---------------+-------------------+-----
Fighting       | 4 |  4.9
Armour         | 4 |  4.9
Shields        | 4 5 |  5.0
Maces & Flails | 3 |  3.8

Action                   |  1- 3 |  4- 6 || total
-------------------------+-------+-------++-------
Melee: Flail             |   111 |   174 ||   285
Throw: Dart              |       |    15 ||    15
  Use: Scroll            |       |     7 ||     7
       Potion            |       |     1 ||     1
Armor: Scale mail        |    55 |       ||    55
       Chain mail        |     6 |   181 ||   187
Dodge: Dodged            |    42 |   140 ||   182
Block: Buckler           |    23 |    64 ||    87

Table legend: (Time is in decaauts)
 A = Elapsed time spent in this place.
 B = Non-inter-level travel time spent in this place.
 C = Inter-level travel time spent in this place.
 D = Time resting spent in this place.
 E = Time spent auto-exploring this place.
 F = Levels seen in this place.
 G = Mean time per level.
                   A        B        C        D        E       F      G
               +--------+--------+--------+--------+--------+-----+--------+
         Total |   2947 |   2850 |     97 |     35 |   1579 |   5 |  589.4 |
       Dungeon |   2294 |   2197 |     97 |     35 |   1244 |   4 |  573.5 |
         Sewer |    652 |    652 |      0 |      0 |    334 |   1 |  652.0 |
               +--------+--------+--------+--------+--------+-----+--------+

Top non-repeatable levels by time:
     D:1: 769 daAuts
     D:3: 761 daAuts
     D:2: 697 daAuts
   Sewer: 652 daAuts
     D:4: 65 daAuts
